 Dungeon Crawl Stone Soup version 0.27-a0-1149-g4505690ab0 (webtiles) character file.

Game seed: 9483584420829630984

193 Sobieck the Slasher (level 5, -6/32 HPs)
             Began as a Vampire Fighter on May 13, 2021.
             Blown up by Ijyb (33 damage)
             ... with a mindburst bolt
             ... on level 4 of the Dungeon.
             The game lasted 00:05:45 (2857 turns).

Sobieck the Slasher (Vampire Fighter)               Turns: 2857, Time: 00:05:46

Health: -6/32      AC:  7    Str: 16    XL:     5   Next: 43%
Magic:  5/5        EV:  6    Int: 10    God:
Gold:   71         SH:  9    Dex: 14    Spells: 4/4 levels left

rFire    . . .     SeeInvis +   a - +2 long sword {long}
rCold    + + .     Faith    .   c - +0 kite shield
rNeg     + + +     Spirit   .   b - +0 scale mail
rPois    ∞         Reflect  .   (no helmet)
rElec    .         Harm     .   p - +0 cloak
rCorr    .         Rampage  .   (no gloves)
Will     .....                  (no boots)
Stlth    ++........             (no amulet)
HPRegen  0.00/turn              (no ring)
MPRegen  0.09/turn              (no ring)

@: bloodless
A: bloodless, fangs 3, see invisible, vampiric 2
a: Bat Form, Revivify


You were on level 4 of the Dungeon.
You visited 1 branch of the dungeon, and saw 5 of its levels.

You collected 71 gold pieces.


Innate Abilities, Weirdness & Mutations

You do not regenerate when monsters are visible.
You are frail without blood (-20% HP).
You can heal yourself when you bite living creatures.
You are immune to poison.
You have razor-sharp teeth.
You have supernaturally acute eyesight. (SInv)
You are afflicted with vampirism and can become a bat while bloodless.


   Skills:
 - Level 3.0 Fighting
 + Level 5.0 Long Blades
 - Level 3.0 Armour
 - Level 3.0 Shields


You had 4 spell levels left.
You didn't know any spells.
Your spell library was empty.

Inventory:

Hand Weapons
 a - a +2 long sword (weapon) {long}
 h - a +0 mace {mace}
   (You found it on level 1 of the Dungeon)
Missiles
 d - 12 poisoned darts {throwing}
 f - 28 bolts
 i - 72 stones {throwing}
 j - 20 arrows
 k - 7 javelins (quivered) {throwing}
 o - 20 sling bullets
Armour
 b - a +0 scale mail (worn)
 c - a +0 kite shield (worn)
 p - a +0 cloak (worn)
   (You found it on level 3 of the Dungeon)
Scrolls
 m - a scroll of identify {unknown}
Potions
 e - a potion of flight {unknown}
 g - a potion of resistance {unknown}
 l - a potion of invisibility {unknown}
 n - a potion of curing {unknown}

Dungeon Overview and Level Annotations

Branches:
Dungeon (5/15)
 Temple: D:4-7

Altars:

Shops:
D:1 =   D:2 =!

Annotations:
D:4 Ijyb

*,**,,,,,#..........##
*,,,,,,,*#.......<...##
**,,,,,***#...........#
*,,,,** #...........#
*,,,.#** ##.........##
**,*,...#**#........##
**
*,,**#....###......##
,****,**
***#...##.....# ,,**,**
**#.@.....## ,,,,,*
###g...## ,,,,**
###...#** ,,,,,**
###...#** ,,,,,,**
*#...,** *,,,,,,*
*....,* *,*,,,,**
******,...,* ,****,,,*
*,,,,*,,,,,* ,* *****
**,,,,*,,,,,*


You could see Ijyb.


Message History

You hit the kobold. You block the kobold's attack.
You closely miss the kobold. The kobold hits you but does no damage.
You block the kobold's attack.
You slash the kobold!
You kill the kobold!
No target in view!
No target in view!
No target in view!
Things that are here:
a +0 short sword {short}; a kobold corpse 😎 HP[+1]
Your hp is fully restored (32).
i - 71 stones {throwing} (gained 16)
Things that are here:
a +0 whip {mace}; a kobold corpse You see here a +0 club {mace}.
Found a stone staircase leading down.
You now have 60 gold pieces (gained 3).
o - 20 sling bullets
There is a stone staircase leading up here.
You see here a +0 robe.
A bat comes into view.
You block the bat's attack.
You hit the bat. The bat closely misses you. You block the bat's attack.
You closely miss the bat. The bat hits you but does no damage. x2
The bat barely misses you. The bat closely misses you.
You closely miss the bat. The bat barely misses you.
You riposte.
You hit the bat.
You kill the bat!
No target in view!
(D) Dungeon
Where to? (Enter - D:2, ? - help)
Found an escape hatch in the ceiling.
There is a stone staircase leading down here.
You climb downwards.
An adder comes into view.
There is a stone staircase leading up here.
Throw: 7 javelins {throwing}
Press: ? - help, Q - select action, (/) - cycle Shift-Dir - straight line, f - adder
Aim: an adder (asleep, 98% to hit)
You throw a javelin {throwing}.
The javelin {throwing} pierces through the adder.
The adder hisses angrily.
The adder bites you but does no damage.
You hit the adder but do no damage. The adder bites you but does no damage.
The adder barely misses you.
You riposte.
You slash the adder! You closely miss the adder.
The adder completely misses you. The adder barely misses you.
You hit the adder.
You kill the adder!
Your Long Blades skill increases to level 5!
No target in view!
No target in view!
You see here an adder corpse.
k - 7 javelins {throwing} (gained 1)
There is a stone staircase leading up here.
You climb upwards.
There is a stone staircase leading down here.
You now have 71 gold pieces (gained 11).
A kobold comes into view. It is wielding a +0 short sword.
The kobold throws a stone.
The stone closely misses you.
The kobold throws a stone.
The stone barely misses you. The kobold hits you but does no damage.
You see here a +0 cloak.
You hit the kobold.
You kill the kobold!
No target in view!
No target in view!
p - a +0 cloak
i - 72 stones {throwing} (gained 1)
You see here a +0 short sword {short}.
You start putting on your armour.
You continue putting on your +0 cloak. x4
You finish putting on your +0 cloak.
There is a stone staircase leading down here.
You climb downwards.
There is a stone staircase leading up here.
Found a stone staircase leading down.
There is a stone staircase leading down here.
You climb downwards.
An adder and Ijyb come into view.
Ijyb is wielding a +0 dagger and carrying a wand of mindburst (14).
Ijyb shouts!
The adder hisses angrily.
There is a stone staircase leading up here.
Ijyb screams, "Get away!"
You block Ijyb's attack.
You climb upwards.
There is a stone staircase leading down here.
You slash Ijyb! You bite Ijyb.
You draw Ijyb's blood!
Ijyb hits you but does no damage.
Your shield prevents you from hitting Ijyb.
Ijyb barely misses you.
You riposte.
You hit Ijyb. Your bite misses Ijyb. You hit Ijyb but do no damage.
Ijyb barely misses you.
You riposte.
You hit Ijyb.
Ijyb hits you with a +0 dagger. 😕 HP[-5]
You take 5 damage, and now have 27/32 hp.
You miss Ijyb.
Ijyb zaps a wand.
Your mind is blasted!
Ouch! That really hurt!
You die...

Skill      XL: |  1  2  3  4  5 |
---------------+----------------+-----
Fighting       | 3 |  3.0
Shields        | 3 |  3.0
Long Blades    | 4 5 |  5.0
Armour         | 3 |  3.0

Action                   |  1- 3 |  4- 6 || total
-------------------------+-------+-------++-------
Melee: Long sword        |    93 |    59 ||   152
       Bite              |     9 |     6 ||    15
Throw: Javelin           |     4 |     1 ||     5
 Abil: Exsanguinate      |     1 |       ||     1
  Use: Potion            |     1 |       ||     1
       Scroll            |     3 |     1 ||     4
 Stab: Sleeping          |     2 |     2 ||     4
Armor: Scale mail        |    46 |    29 ||    75
Dodge: Dodged            |    30 |    25 ||    55
Block: Kite shield       |    48 |    30 ||    78
       Rpst.: Long sword |    11 |     6 ||    17

Levels and vault maps discovered:
D:1:      arrival_aquarium_a, layout_loops_ring, serial_shops,
          nicolae_shop_waterfront
D:2:      layout_basic, serial_shops, shop_fountains, shop
D:3:      layout_loops_ring, hex_tiny, grunt_ministairs_3, minivault_24,
          serial_bayou_pond_a
D:4:      layout_cave_pods, gammafunk_ghost_arena, abandoned_shop
D:5:      layout_gridville, grunt_decor_mini_mirrors, st_stairs_14,
          nrook_mini_backslash, uniq_ijyb

Notes
Turn   | Place    | Note
-------+----------+-------------------------------------------
     0 | D:1      | Sobieck the Vampire Fighter began the quest for the Orb.
     0 | D:1      | Reached XP level 1. HP: 17/17 MP: 1/1
     0 | D:1      | magus.rc [v1.9.6]
     1 | D:1      | Noticed an electric eel
   233 | D:1      | Reached XP level 2. HP: 22/23 MP: 2/2
   429 | D:2      | Found Nihireih's Distillery.
   441 | D:1      | Reached skill level 3 in Fighting
   441 | D:1      | Reached skill level 3 in Shields
   441 | D:1      | Gained mutation: You are afflicted with vampirism and can
                  | become a bat while bloodless. [Vampire growth]
   441 | D:1      | Reached XP level 3. HP: 9/29 MP: 3/3
   681 | D:1      | Found Ihogre's Jewellery Boutique.
  1081 | D:3      | HP: 4/23 [quokka (3)]
  1474 | D:2      | Noticed a phantom
  1489 | D:2      | Reached skill level 3 in Long Blades
  1489 | D:2      | Reached skill level 3 in Armour
  1493 | D:2      | Killed a phantom
  1494 | D:2      | Reached skill level 4 in Long Blades
  1494 | D:2      | Reached XP level 4. HP: 14/28 MP: 4/4
  1656 | D:2      | Found Maf Boim's Jewellery Emporium.
  1792 | D:3      | Reached XP level 5. HP: 29/32 MP: 5/5
  2733 | D:4      | Reached skill level 5 in Long Blades
  2849 | D:5      | Entered Level 5 of the Dungeon
  2849 | D:5      | Noticed Ijyb
  2857 | D:4      | Blown up by Ijyb

Vanquished Creatures
  A phantom (D:2)
  5 adders
  2 worms
  2 dart slugs
  3 ball pythons (D:2)
  4 bats
  An endoplasm (D:2)
  A giant cockroach (D:2)
  4 goblins
  9 hobgoblins
  8 jackals
  8 kobolds
  4 quokkas
  3 frilled lizards
  5 rats
60 creatures vanquished.

Table legend:
 A = Non-vault XP
 B = Vault XP
 C = Vault XP percentage of total XP
 D = Non-vault monster count
 E = Vault monster count
 F = Vault count percentage of total count
                 A         B        C        D         E       F
            +---------+---------+-------+---------+---------+-------
      Total |     273 |       3 |   1.1 |      58 |       2 |   3.3
            +---------+---------+-------+---------+---------+-------
        D:1 |      45 |       0 |   0.0 |      19 |       0 |   0.0
        D:2 |     161 |       0 |   0.0 |      17 |       0 |   0.0
        D:3 |      44 |       3 |   6.4 |      15 |       2 |  11.8
        D:4 |      23 |       0 |   0.0 |       7 |       0 |   0.0
            +---------+---------+-------+---------+---------+-------

Illustrated notes

Table legend:
 A = Kills in this place as a percentage of kills in entire the game.
 B = Kills by you in this place as a percentage of kills by you in the entire game.
 C = Kills by friends in this place as a percentage of kills by friends in the entire game.
 D = Other kills in this place as a percentage of other kills in the entire game.
 E = Experience gained in this place as a percentage of experience gained in the entire game.
 F = Experience gained in this place divided by the number of levels of this place that you have seen.
                   A       B       C       D       E      F
               +-------+-------+-------+-------+-------+----------------------
         Total | 100.0 | 100.0 |   N/A |   N/A | 100.0 |  55.2
       Dungeon | 100.0 | 100.0 |   N/A |   N/A | 100.0 |  55.2
               +-------+-------+-------+-------+-------+----------------------

Table legend: (Time is in decaauts)
 A = Elapsed time spent in this place.
 B = Non-inter-level travel time spent in this place.
 C = Inter-level travel time spent in this place.
 D = Time resting spent in this place.
 E = Time spent auto-exploring this place.
 F = Levels seen in this place.
 G = Mean time per level.
                   A        B        C        D        E       F      G
               +--------+--------+--------+--------+--------+-----+--------+
         Total |   2943 |   2740 |    203 |    634 |   1540 |   5 |  588.6 |
       Dungeon |   2943 |   2740 |    203 |    634 |   1540 |   5 |  588.6 |
               +--------+--------+--------+--------+--------+-----+--------+

Top non-repeatable levels by time:
     D:2: 1011 daAuts
     D:1: 968 daAuts
     D:3: 879 daAuts
     D:4: 79 daAuts
     D:5: 3 daAuts
